 Dungeon Crawl Stone Soup version 0.30-a0-782-ge64f9170bb (webtiles) character file.

Game seed: 14948970456625391707

13 112233 the Covered (level 2, 0/22 HPs)
             Began as a Human Wanderer on Feb 28, 2023.
             Slain by a hobgoblin (2 damage)
             ... on level 2 of the Dungeon.
             The game lasted 00:00:49 (828 turns).

112233 the Covered (Human Wanderer)                  Turns: 828, Time: 00:00:50

Health: 0/22       AC:  5    Str: 14    XL:     2   Next: 50%
Magic:  3/3        EV: 10    Int: 10    God:
Gold:   44         SH:  0    Dex: 12    Spells: 2/3 levels left

rFire   . . .      SeeInvis .    a - +0 dagger
rCold   . . .      Faith    .    (no shield)
rNeg    . . .      Spirit   .    f - +0 ring mail
rPois   .          Reflect  .    (no helmet)
rElec   .          Harm     .    (no cloak)
rCorr   .          Rampage  .    (no gloves)
Will    .....                    (no boots)
Stlth   +                        (no amulet)
HPRegen 0.23/turn                (no ring)
MPRegen 0.08/turn                (no ring)

@: no status effects
A: no striking features
a: no special abilities


You were on level 2 of the Dungeon.
You visited 1 branch of the dungeon, and saw 2 of its levels.

You collected 44 gold pieces.

Inventory:

Hand Weapons
 a - a +0 dagger (weapon)
Missiles
 b - 8 boomerangs (quivered)
Armour
 c - a +2 scale mail
 f - a +0 ring mail (worn)
Scrolls
 g - 3 scrolls of identify {unknown}
 h - a scroll of blinking {unknown}
 i - a scroll of teleportation {unknown}
Potions
 d - a potion of curing
 e - a potion of berserk rage {unknown}
 j - a potion of degeneration {unknown}


   Skills:
 + Level 1.7 Fighting
 - Level 2.0 Throwing
 - Level 4.0 Armour
 + Level 1.2 Dodging
 - Level 1.0 Stealth
 - Level 1.0 Spellcasting
 - Level 1.0 Summonings


You had 2 spell levels left.
You knew the following spells:

 Your Spells              Type           Power      Damage    Failure   Level
a - Summon Small Mammal   Summ           8%         N/A       41%         1

Your spell library contained the following spells:

 Spells                   Type           Power      Damage    Failure   Level
 Call Canine Familiar     Summ           2%         N/A       78%         3


Dungeon Overview and Level Annotations

Branches:
Dungeon (2/15)

Altars:


Message History

The adder bites you. The endoplasm barely misses you.
Unknown command.
You are too injured to fight recklessly!
Unknown command.
You are too injured to fight recklessly!
Unknown command.
You are too injured to fight recklessly!
Unknown command.
You are too injured to fight recklessly!
You are too injured to fight recklessly!
Unknown command.
Unknown command.
You hit the adder.
The adder is lightly wounded.
An adder comes into view.
The adder bites you but does no damage. The quokka barely misses you.
The hobgoblin barely misses you. The endoplasm freezes you.
You are frozen.
* * * LOW HITPOINT WARNING * * *
You hit the adder.
The adder is heavily wounded.
The adder closely misses you. The quokka barely misses you.
The dart slug misses you.
The hobgoblin hits you but does no damage.
The endoplasm closely misses you.
Unknown command.
You closely miss the adder.
The adder is heavily wounded.
The adder closely misses you. The quokka barely misses you.
The dart slug bites you.
* * * LOW HITPOINT WARNING * * *
The hobgoblin hits you but does no damage.
The endoplasm hits you but does no damage.
You hit the adder.
The adder is severely wounded.
The adder closely misses you. The quokka bites you.
* * * LOW HITPOINT WARNING * * *
The adder closely misses you. The hobgoblin hits you.
You die...

##......# ##........
#......... #........>
#......... #.........
########## #.rw......
#........# #@SK.....
#..>.....# ##Jg.....[
#.<......# #.........
#####....###...S.....
##.....#.........
##.##...........
#.####!..!..... #..
##........ ##..
##......#


You could see 2 adders, a dart slug, an endoplasm, a quokka, a hobgoblin and a
kobold.

Vanquished Creatures
  2 hobgoblins (D:1)
  A kobold (D:1)
  2 quokkas (D:1)
  2 ball pythons (D:1)
  2 bats (D:1)
  2 frilled lizards (D:1)
  2 rats (D:1)
13 creatures vanquished.

Notes
Turn   | Place    | Note
-------+----------+-------------------------------------------
     0 | D:1      | 112233 the Human Wanderer began the quest for the Orb.
     0 | D:1      | 112233 set off with the following items: a +0 dagger, 8
                  | boomerangs, a +2 scale mail, a potion of curing; and the
                  | following spell memorised: Summon Small Mammal; and the
                  | following spells available to memorise: Call Canine
                  | Familiar.
     0 | D:1      | Reached XP level 1. HP: 15/15 MP: 2/2
   172 | D:1      | Reached skill level 1 in Dodging
   172 | D:1      | Reached XP level 2. HP: 15/21 MP: 3/3
   828 | D:2      | Slain by a hobgoblin

Illustrated notes

Levels and vault maps discovered:
D:1:      dpeg_arrival_fog, layout_basic
D:2:      layout_rooms, minmay_pentomino_p4

Skill      XL: |  1 |
---------------+----+-----
Dodging        | 1 |  1.2
Fighting       | |  1.7
Throwing       | |  2.0
Armour         | |  4.0
Stealth        | |  1.0
Spellcasting   | |  1.0
Summonings     | |  1.0

Action                     || total
---------------------------++-------
  Melee: Dagger            ||    80
 Armour: Scale mail        ||    10
         Ring mail         ||    29
  Dodge: Dodged            ||    59

Table legend: (Time is in decaauts)
 A = Elapsed time spent in this place.
 B = Non-inter-level travel time spent in this place.
 C = Inter-level travel time spent in this place.
 D = Time resting spent in this place.
 E = Time spent auto-exploring this place.
 F = Levels seen in this place.
 G = Mean time per level.
                   A        B        C        D        E       F      G
               +--------+--------+--------+--------+--------+-----+--------+
         Total |    827 |    791 |     36 |      0 |    649 |   2 |  413.5 |
       Dungeon |    827 |    791 |     36 |      0 |    649 |   2 |  413.5 |
               +--------+--------+--------+--------+--------+-----+--------+

Top non-repeatable levels by time:
     D:1: 804 daAuts
     D:2: 23 daAuts
